 Dungeon Crawl Stone Soup version 0.14.1-24-gbdbe590 (webtiles) character file.

313 Konstantin the Vexing (level 5, -4/25 HPs)
             Began as a Vine Stalker Enchanter on June 20, 2014.
             Slain by an ogre
             ... wielding a cursed -3,+0 giant club
              (7 damage)
             ... on Level 4 of the Dungeon.
             The game lasted 00:54:57 (4110 turns).

Konstantin the Vexing (Vine Stalker Enchanter)      Turns: 4110, Time: 00:54:57

HP  -4/25        AC  8     Str 11      XL: 5   Next: 65%
MP   0/12        EV 11     Int 16      God:
Gold 127         SH  0     Dex 14      Spells:  3 memorised,  4 levels left

rFire  . . .     SeeInvis .     b - +1,+3 short sword (protect)
rCold  . . .     Clarity  .     C - +0 leather armour
rNeg   . . .     Conserve .     (no shield)
rPois  .         rCorr    .     (no helmet)
rElec  .         rRot     +     (no cloak)
SustAb . .       Spirit   +     (no gloves)
rMut   .         Warding  .     (no boots)
Saprov . . .     Stasis   .     (no amulet)
MR     .....                    (no ring)
                                (no ring)

@: about to teleport, not resistant to hostile enchantments, fairly stealthy
A: fangs 2, regeneration 1, magic shield, antimagic bite, no device heal
a: no special abilities


You were on level 4 of the Dungeon.
You were hungry.

You visited 1 branch of the dungeon, and saw 4 of its levels.

You collected 127 gold pieces.

Inventory:

Hand weapons
 b - a +1,+3 short sword of protection (weapon)
 d - a +0,+0 dagger
 k - a +0,+0 club
 o - a +0,+1 dagger
 p - a +0,+0 sling
 r - a +0,+0 dagger
 t - a +0,+0 dagger
 u - a +0,+0 hand axe
 x - a +0,+0 club
 z - a +0,+0 club
 E - a +0,+0 club
 G - a +0,+0 club
 I - a cursed -3,-2 mace
 K - a +0,+0 club
 L - a +0,+0 spear
 N - a +0,+0 flail
 P - a +0,+0 spear
Missiles
 e - 35 stones
 n - 17 sling bullets
 s - 31 darts (quivered)
 w - 12 bolts
 H - 3 darts of flame
 J - 10 poisoned needles
 Q - 9 sling bullets of flame
Armour
 C - a +0 leather armour (worn)
Comestibles
 f - 4 bread rations
 h - a sausage
 M - a rotting chunk of gnoll flesh
 O - a rotting chunk of gnoll flesh
Scrolls
 a - a scroll of immolation
 i - 2 scrolls of remove curse
 q - a scroll of teleportation
 y - a scroll of enchant weapon I {unknown}
 B - 3 scrolls of recharging
 D - 2 scrolls of identify
Potions
 g - 3 potions of curing
 j - a potion of porridge
 l - 2 potions of restore abilities
 v - a potion of flight
 A - 2 potions of brilliance
Books
 c - a book of Maledictions

   Spells                             Type                      Level
   *Corona                            Hexes                        1
   *Sure Blade                        Hexes/Charms                 2
   *Ensorcelled Hibernation           Hexes/Ice                    2
   Confuse                            Hexes                        3
   Enslavement                        Hexes                        4
   Invisibility                       Hexes                        6


   Skills:
 * Level 1.1 Fighting
 * Level 2.2 Short Blades
 - Level 0.8 Throwing
 * Level 2.7 Dodging
 + Level 2.7 Stealth
 * Level 2.9 Spellcasting
 * Level 3.6 Hexes
 + Level 0.8 Charms
 + Level 0.8 Ice Magic


You had 4 spell levels left.
You knew the following spells:

 Your Spells              Type           Power        Failure   Level  Hunger
a - Corona                Hex            ##.....      6%          1    #......
b - Ensorcelled Hibernat  Hex/Ice        #.....       14%         2    ##.....
c - Sure Blade            Hex/Chrm       #.........   14%         2    ##.....


Dungeon Overview and Level Annotations

Branches:
Dungeon (4/15)
 Temple: D:4-7

Altars:
Fedhas

Annotations:
D:3 Kenran's ghost, average MiMo
D:4 Edmund; Sigmund


Innate Abilities, Weirdness & Mutations

You are immune to rotting.
You have extremely sharp teeth.
Your natural rate of healing is unusually fast.
When hurt, damage is shared between your health and your magic reserves.
Your bite disrupts and absorbs the magic of your enemies.
Potions and wands cannot restore your HP.


Message History

Sigmund shouts!
Sigmund casts a spell at you. The magic dart hits you!
Sigmund casts a spell.
Sigmund flickers and vanishes!
Deactivating autopickup; reactivate with Ctrl-A.
Read which item? (? for menu, Esc to quit)
As you read the scroll of teleportation, it crumbles to dust.
You feel strangely unstable. The ogre hits you with a giant club!
The puff of flame hits you!
Your scroll labeled GHENA PLOEDUTE catches fire!
* * * LOW HITPOINT WARNING * * *
Read which item? (? for menu, Esc to quit)
Okay, then.
Drink which item? (? for menu, Esc to quit)
Okay, then.
Read which item? (? for menu, Esc to quit)
As you read the scroll of fog, it crumbles to dust.
The scroll dissolves into smoke.
The ogre hits you with a giant club!
You die...

###.##.#.#####..# #.#
#...#
........<.......# #.#
#.#.#
###...##.######.# #.#
#.#.# #...##.# #.# #.#
#.### #...##.# #.# #.#
#.# ###...##.######.#
#.# #.#
...............># #.#
#.#
####################.#
#.# #§O@§{§.# #.#
#§####### #.# #.# #.#
#.# #.# #.# #.# #.#
#.# #.# #.# #.# #.#
#.#########.#


You could see an ogre.

Vanquished Creatures
  4 gnolls (D:4)
  4 adders
  2 worms
  3 giant geckos
  3 orcs (D:3)
  6 giant cockroaches
  15 goblins
  14 hobgoblins
  18 kobolds
  2 quokkas
  3 ball pythons
  6 bats
  4 giant newts
  2 jackals (D:2)
  A kobold skeleton (D:4)
  9 rats
96 creatures vanquished.

Notes
Turn   | Place    | Note
--------------------------------------------------------------
     0 | D:1      | Konstantin, the Vine Stalker Enchanter, began the quest for the Orb.
     0 | D:1      | Reached XP level 1. HP: 9/9 MP: 3/3
   182 | D:1      | Reached XP level 2. HP: 14/14 MP: 1/5
   186 | D:1      | Learned a level 2 spell: Ensorcelled Hibernation
   189 | D:1      | Learned a level 2 spell: Sure Blade
   480 | D:1      | Reached skill level 1 in Short Blades
   600 | D:1      | Reached skill level 1 in Fighting
   600 | D:1      | Reached XP level 3. HP: 16/18 MP: 1/7
  1414 | D:2      | Found a blossoming altar of Fedhas.
  1970 | D:2      | Reached XP level 4. HP: 22/22 MP: 8/8
  2330 | D:3      | Noticed Kenran's ghost (average MiMo)
  2588 | D:3      | Reached XP level 5. HP: 25/25 MP: 11/11
  3307 | D:4      | Noticed Edmund
  3372 | D:4      | Noticed an ogre
  3374 | D:4      | Noticed Sigmund
  4063 | D:4      | Noticed an ogre
  4110 | D:4      | Slain by an ogre

Action                   |  1- 3 |  4- 6 || total
-------------------------+-------+-------++-------
Melee: Short sword       |    29 |   122 ||   151
       Dagger            |    91 |       ||    91
Throw: Dart              |    20 |       ||    20
 Cast: Corona            |    11 |     2 ||    13
       Ensorcelled Hiber |    16 |    22 ||    38
       Sure Blade        |     1 |     1 ||     2
  Use: Scroll            |     4 |     8 ||    12
       Potion            |       |     1 ||     1
 Stab: Sleeping          |    14 |     9 ||    23
       Distracted        |     1 |       ||     1
